 Dungeon Crawl Stone Soup version 0.29.0-4-gdea44cf6ec (webtiles) character file.

Game seed: 3995480175432031486

23 qw the Chopper (level 2, -12/17 HPs)
             Began as a Tengu Warper on Aug 28, 2022.
             Mangled by a soul eater (16 damage)
             ... summoned by the player character
             ... on level 2 of the Dungeon.
             The game lasted 00:00:04 (963 turns).

qw the Chopper (Tengu Warper)                        Turns: 963, Time: 00:00:04

Health: -12/17     AC:  4    Str: 11    XL:     2   Next: 95%
Magic:  6/6        EV: 11    Int: 13    God:
Gold:   32         SH:  0    Dex: 13    Spells: 5/5 levels left

rFire   . . .      SeeInvis +   a - +14 obsidian axe {vorpal, Mesm Drain Fly SInv}
rCold   . . .      Faith    .   (no shield)
rNeg    . . .      Spirit   .   b - +0 leather armour
rPois   +          Reflect  .   (helmet restricted)
rElec   .          Harm     .   d - +0 cloak
rCorr   .          Rampage  .   (no gloves)
Will    .....                   (boots unavailable)
Stlth   +.........              (no amulet)
HPRegen 0.05/turn               j - ring of poison resistance
MPRegen 0.10/turn               (no ring)

@: flying, mesmerised
A: beak, talons 3
a: no special abilities


You were on level 2 of the Dungeon.
You visited 1 branch of the dungeon, and saw 2 of its levels.

You collected 32 gold pieces.


Innate Abilities, Weirdness & Mutations

You have a beak for a mouth.
You have claws for feet.


   Skills:
 - Level 2.0 Fighting
 + Level 3.7 Axes
 - Level 1.0 Throwing
 - Level 1.1 Armour
 - Level 2.1 Dodging
 - Level 2.0 Spellcasting
 - Level 2.4 Translocations


You had 5 spell levels left.
You didn't know any spells.
Your spell library contained the following spells:

 Spells                   Type           Power      Damage    Failure   Level
 Blink                    Tloc           14%        N/A       19%         2
 Gell's Gravitas          Tloc           7%         N/A       36%         3
 Lesser Beckoning         Tloc           7%         N/A       36%         3
 Teleport Other           Tloc           7%         N/A       36%         3
 Manifold Assault         Tloc           7%         N/A       98%         5

Inventory:

Hand Weapons
 a - the +14 obsidian axe (weapon) {vorpal, Mesm Drain Fly SInv}
   (You acquired it on level 1 of the Dungeon)

   It inflicts extra damage upon your enemies.
   It occasionally summons demons to assist the wielder when it strikes in
   combat.
   Its wielder is mesmerised by any visible foes.
   It cannot be unequipped while any foes are visible.
   SInv:      It lets you see invisible.
   Fly:       It grants you flight.
   Drain:     It drains your maximum health when unequipped.
 f - a +0 mace
Armour
 b - a +0 leather armour (worn)
 d - a +0 cloak (worn)
Jewellery
 j - a ring of poison resistance (left hand)
Potions
 g - a potion of curing
 h - a potion of invisibility {unknown}
 i - a potion of haste {unknown}

Dungeon Overview and Level Annotations

Branches:
Dungeon (2/15)

Altars:


Message History

956 ||| Stepping ~*~*~tactically~*~*~ (hiding).
You are no longer entranced.
Visions of slaying the hobgoblin flood into your mind.
A bat comes into view.
The bat moves out of view.
You slash the hobgoblin!
You break out of your daze!
You kill the hobgoblin!
Visions of slaying the kobold flood into your mind.
The bat barely misses you.
You barely miss the bat. You peck the bat, but do no damage.
Visions of slaying the bat flood into your mind.
The bat hits you but does no damage.
The kobold throws a stone.
The stone misses you. The bat closely misses you.
You hit the bat. You claw the bat.
You are no longer entranced.
You kill the bat!
You hit the dart slug. You open a gate to Pandemonium!
A demon appears!
It doesn't seem very happy.
Visions of slaying the dart slug flood into your mind.
The kobold barely misses you.
The dart slug bites you but does no damage.
You slash the dart slug!
You are no longer entranced.
You kill the dart slug!
You slash the kobold!
You kill the kobold!
Visions of slaying the soul eater flood into your mind.
You slice the soul eater!!
You claw the soul eater, but do no damage.
You peck the soul eater.
The soul eater is heavily wounded.
The soul eater hits you.
You hit the soul eater. Your kick misses the soul eater.
The soul eater is severely wounded.
The soul eater draws from the surrounding life force!
Ouch! That really hurt!
The soul eater is healed.
The soul eater hits you!
Ouch! That really hurt!
You die...

# #. #.. #...
.....#######
.....!)....###
###...3@...#.#
##..#####..###
#.. #....##
#.. #.....##
...w ##.....##
#... #.....<.#
#...
............#
#.##.......###
. #......##


You could see a soul eater (summoned, mesmerising).

Vanquished Creatures
  2 dart slugs
  2 bats
  2 endoplasms (D:1)
  A giant cockroach (D:1)
  2 goblins (D:1)
  A hobgoblin (D:2)
  A quokka (D:1)
  A ball python (D:1)
  A frilled lizard (D:1)
  A kobold (D:2)
  4 rats (D:1)
18 creatures vanquished.

Notes
Turn   | Place    | Note
-------+----------+-------------------------------------------
     0 | D:1      | qw the Tengu Warper began the quest for the Orb.
     0 | D:1      | Reached XP level 1. HP: 12/12 MP: 4/4
     0 | D:1      | 0 ||| qw: Version: 0.1-a-89-g26bdef1
     0 | D:1      | 0 ||| qw: Game counter: 1212
     0 | D:1      | 0 ||| qw: Always use a shield: true
     0 | D:1      | 0 ||| qw: God list: Okawaru
     0 | D:1      | 0 ||| qw: Allow faded altars: false
     0 | D:1      | 0 ||| qw: Do Orc after D:15 true
     0 | D:1      | 0 ||| qw: Do second Lair branch before Depths: true
     0 | D:1      | 0 ||| qw: Lair rune preference: random
     0 | D:1      | 0 ||| qw: Plans: Normal
     0 | D:1      | 0 ||| PLANNING D:1-11
   215 | D:1      | 215 ||| Stepping ~*~*~tactically~*~*~ (hiding).
   229 | D:1      | Reached skill level 3 in Axes
   229 | D:1      | Reached XP level 2. HP: 14/17 MP: 6/6
   642 | D:1      | Found a faded altar of an unknown god.
   775 | D:1      | 775 ||| UPGRADING to +0 cloak.
   780 | D:1      | 780 ||| UPGRADING to ring of poison resistance.
   781 | D:1      | 781 ||| READING scroll labelled PAXTUI YSMOA.
   915 | D:1      | 915 ||| READING scroll labelled CUOXZE KUCK.
   916 | D:1      | 916 ||| READING scroll labelled PEMIMUTEAF.
   916 | D:1      | Identified a scroll of acquirement
   916 | D:1      | 916 ||| ACQUIRING +14 obsidian axe {vorpal, Mesm Drain Fly
                  | SInv}
   916 | D:1      | Acquired the +14 obsidian axe {vorpal, Mesm Drain Fly SInv}
   916 | D:1      | Found the +14 obsidian axe {vorpal, Mesm Drain Fly SInv}
   918 | D:1      | 918 ||| SWAPPING to +14 obsidian axe {vorpal, Mesm Drain
                  | Fly SInv}.
   919 | D:1      | 919 ||| DROPPING +0 hand axe.
   920 | D:1      | 920 ||| READING scroll labelled QEURISYSIL.
   921 | D:1      | 921 ||| DRINKING 2 fizzy inky potions.
   922 | D:1      | 922 ||| DROPPING scroll of blinking.
   956 | D:2      | 956 ||| Stepping ~*~*~tactically~*~*~ (hiding).
   960 | D:2      | Noticed a soul eater
   963 | D:2      | HP: 4/17 [soul eater[the player character] (11)]
   963 | D:2      | Mangled by a soul eater

Levels and vault maps discovered:
D:1:      mrwooster_arrival_arrow, layout_basic,
          dreamdust_ecumenical_altar_angels_and_demons, nrook_loot_triangle
D:2:      layout_rooms, serial_corexii_hall, chequers_hall_statues_wall_a,
          chequers_hall_statues_y, corexii_hall_statues_i,
          corexii_hall_statues_u, minmay_bisected

Skill      XL: |  1 |
---------------+----+-----
Axes           | 3 |  3.7
Fighting       | |  2.0
Throwing       | |  1.0
Armour         | |  1.1
Dodging        | |  2.1
Spellcasting   | |  2.0
Translocations | |  2.4

Action                   || total
-------------------------++-------
Melee: Hand axe          ||    23
       Kick              ||     7
       Peck              ||     6
       Broad axe         ||     6
Throw: Boomerang         ||     7
  Use: Scroll            ||     4
       Potion            ||     1
Armor: Leather armour    ||     5
Dodge: Dodged            ||    20

Table legend:
 A = Non-vault XP
 B = Vault XP
 C = Vault XP percentage of total XP
 D = Non-vault monster count
 E = Vault monster count
 F = Vault count percentage of total count
                 A         B        C        D         E       F
            +---------+---------+-------+---------+---------+-------
      Total |      24 |       9 |  27.3 |      14 |       4 |  22.2
            +---------+---------+-------+---------+---------+-------
        D:1 |      24 |       0 |   0.0 |      14 |       0 |   0.0
        D:2 |       0 |       9 | 100.0 |       0 |       4 | 100.0
            +---------+---------+-------+---------+---------+-------
